Map: Port Aleksander LE

Players

Odin - Winner!

  • Race: Zerg Zerg
  • League: Gold
  • Spawn Location: 11:00

keyser

  • Race: Terran Terran
  • League: Gold
  • Spawn Location: 5:00

VOD

Have the link to the VOD?

Description

Time

  • Played on: Dec. 11, 2018, 5:13 a.m.
  • Length: 5:36
Show
View Real Time Build Order
Export as new Build Order

Odin Zerg - Winner!

Build Orders: 1 Base Baneling Bust, Pool First, Zergling Baneling 

Get SALT Encoding   

  12  0:19  Spawning Pool  
  11  0:23  Extractor  
  11  0:25  Drone  
  11  0:47  Drone x3  
  14  0:58  Overlord  
  14  1:16  Queen  
  14  1:17  Zergling x2  
  17  1:28  Baneling Nest  
  17  1:40  Zergling x4  
  18  1:59  Zergling x4  
  20  2:30  Baneling x2  
  20  2:31  Baneling x2  
  20  2:32  Baneling x2  
  20  2:37  Zergling x4  
  20  2:58  Metabolic Boost  
  19  3:04  Baneling x2  
  19  3:19  Hatchery  
  18  3:27  Baneling x3  
  18  3:35  Zergling x4  
  20  3:52  Baneling x2  
  20  3:53  Baneling  
  16  4:23  Zergling x10  
  21  4:38  Drone x3  
  21  4:44  Baneling x2  
  23  4:57  Drone x2  
Show
View Real Time Build Order
Export as new Build Order

keyser Terran 

Build Orders:  

Get SALT Encoding   

  12  0:01  SCV  
  13  0:17  Supply Depot  
  13  0:18  SCV  
  14  0:30  SCV  
  15  0:41  Barracks  
  15  0:46  Refinery  
  15  0:48  SCV  
  16  1:00  SCV  
  17  1:18  SCV  
  18  1:28  Supply Depot  
  18  1:29  Marine  
  19  1:35  Orbital Command  
  19  1:44  Barracks  
  19  1:47  Marine  
  19  1:49  Refinery  
  20  2:00  Factory  
  19  2:25  Barracks Tech Lab  
  19  2:35  Barracks Tech Lab  
  19  2:59  Marauder, Factory Tech Lab  
  19  3:00  Supply Depot  
  21  3:06  Concussive Shells, Starport  
  21  3:11  Supply Depot  
  21  3:21  SCV  
  22  3:33  SCV  
  23  3:38  Hellion  
  25  3:59  Hellion  
  27  4:14  Medivac  
  25  4:24  Factory Tech Lab, Barracks Tech Lab  
  25  4:25  Supply Depot  
  25  4:36  SCV  
  25  4:38  Marauder  
  28  4:43  Marauder  
  30  4:47  Hellion, Medivac  
  30  4:50  Supply Depot  
  34  4:59  Marauder  
  36  5:08  Hellion  
Tags
 
Add a new tag
Caveats
  • Supply blocks, unpowered buildings, or Contaminate may cause inaccurate times.
  • Supply counts are checked every 10 seconds.